 Dungeon Crawl Stone Soup version 0.30-a0-358-g0d69a1922f (webtiles) character file.

Game seed: 17150680775750490149

240 kae the Changer (level 5, -1/39 (40) HPs)
             Began as a Draconian Transmuter on Nov 10, 2022.
             Slain by an orc
             ... wielding a +0 flail
              (8 damage)
             ... on level 3 of the Dungeon.
             The game lasted 00:02:07 (2077 turns).

kae the Changer (Draconian Transmuter)              Turns: 2077, Time: 00:02:08

HP:   -1/39 (40)    AC:  5    Str: 12    XL:     5   Next: 80%
MP:   18/18         EV: 12    Int: 15    God:
Gold: 205           SH:  0    Dex: 12    Spells: 0/10 levels left

rFire   . . .      SeeInvis .      - Unarmed
rCold   . . .      Faith    .    (no shield)
rNeg    . . .      Spirit   .    (body armour unavailable)
rPois   .          Reflect  .    (helmet restricted)
rElec   .          Harm     .    (no cloak)
rCorr   .          Rampage  .    (no gloves)
Will    .....                    (no boots)
Stlth   +.........               (no amulet)
HPRegen 0.26/turn                W - ring of magical power
MPRegen 0.16/turn                (no ring)

@: lightly drained
A: AC +5, unfitting armour, cold-blooded
a: no special abilities


You were on level 3 of the Dungeon.
You visited 1 branch of the dungeon, and saw 3 of its levels.

You collected 205 gold pieces.


Innate Abilities, Weirdness & Mutations

Your plain brown scales are hard. (AC +5)
You cannot fit into any form of body armour.
You are cold-blooded and may be slowed by cold attacks.


   Skills:
 - Level 1.1 Fighting
 - Level 1.7 Dodging
 - Level 3.0 Unarmed Combat
 + Level 3.2 Spellcasting
 * Level 4.4 Transmutations
 * Level 1.1 Ice Magic
 - Level 2.4 Poison Magic


You couldn't memorise any spells.
You knew the following spells:

 Your Spells              Type           Power      Damage    Failure   Level
a - Beastly Appendage     Tmut           30%        N/A       3%          1
b - Wereblood             Tmut           15%        N/A       4%          2
c - Spider Form           Tmut/Pois      12%        N/A       14%         3
d - Ice Form              Ice/Tmut       10%        N/A       52%         4

Your spell library contained the following spells:

 Spells                   Type           Power      Damage    Failure   Level
 Necrotise                Necr           8%         1d4       21%         1
 Vampiric Draining        Necr           2%         2d6       52%         3
 Agony                    Necr           2%         N/A       99%         5

Inventory:

Missiles
 c - 40 stones
Jewellery
 E - a +4 ring of evasion
   (You found it on level 2 of the Dungeon)
 W - a ring of magical power (left hand)
   (You found it on level 1 of the Dungeon)
Scrolls
 b - a scroll of immolation {unknown}
 f - 2 scrolls of amnesia
 g - 2 scrolls of enchant weapon
 k - 2 scrolls of noise {!r}
 m - 3 scrolls of teleportation {@r4}
 p - a scroll of enchant armour
Potions
 a - a potion of lignification {!q}
 d - 2 potions of heal wounds {unknown}
 e - a potion of magic {unknown}
 i - 2 potions of curing {@q1}
 j - a potion of resistance {unknown}
 n - 2 potions of haste {@q3}
 o - a potion of brilliance

Dungeon Overview and Level Annotations

Branches:
Dungeon (3/15) Zot: 15929

Altars:

#.....# #..>.!# . #.#...
<.. #....## .....###### #.
#.#...# #..)).<...
#..#.#...## ##########
#.....)...# #.####o##...#
## #@#........
####+####.#..###..
........))#.#...#..# ..
........###.#.⌠.#..#.⌠.
........# #.#...#~~#...#.#
........# #.~###~≈≈≈###~.#
........###..~≈≈≈≈≈≈≈≈~..#
#######......≈≈≈≈≈≈≈≈≈≈..#
#.##..~###≈≈≈~###~.#


You could see an orc.


Message History

You closely miss the orc. You claw the orc.
You kill the orc!
No target in view!
You hear the slow rusting of a very distant drain.
A quokka comes into view.
You see here a +0 mace. 😕 HP[+1]
An orc priest comes into view. It is wielding a +1 whip of venom.
You see here a +0 mace. 😕 HP[+1]
Casting: Beastly Appendage (safe; 3% risk of failure)
Confirm with . or Enter, or press ? or * to list all spells.
Your horns disappear.
Your talons disappear.
You turn into a venomous arachnid creature. 😕 HP[+1] MP[-3]
You lost 3 mp, and now have 15/18 mp.
You hit the quokka.
The quokka is poisoned.
The quokka barely misses you.
You hit the quokka but do no damage.
The quokka looks as sick as possible!
You kill the quokka!
You start resting.
An orc priest is nearby! 😕 HP[+1] MP[+1]
An orc comes into view. It is wielding a +1 mace of draining.
The orc priest hits you with a +1 whip of venom.
You are poisoned. 😕 HP[-4]
You take 4 damage, and now have 34/40 hp.
The orc shouts!
You hit the orc priest but do no damage.
The orc priest is poisoned.
You feel very sick.
You hear a shout!
The orc priest closely misses you. 😮 HP[-5]
You take 5 damage, and now have 29/40 hp.
You hit the orc priest.
The orc priest looks as sick as possible!
You feel very sick.
An orc comes into view. It is wielding a +0 war axe.
The orc priest closely misses you. 😮 HP[-2]
You take 2 damage, and now have 27/40 hp.
You hit the orc priest but do no damage.
You feel sick. 😮 HP[-2]
You take 2 damage, and now have 25/40 hp.
Your transformation is almost over.
You feel very sick. The orc closely misses you.
The orc priest misses you. 😮 HP[-3]
You take 3 damage, and now have 22/40 hp.
You hit the orc priest.
You kill the orc priest!
You feel sick. The orc completely misses you.
Your Ice Magic skill increases to level 1! 😨 HP[-2] MP[+1]
You take 2 damage, and now have 20/40 hp.
The orc attacks as you move away!
The orc hits you with a +1 mace of draining.
* * * LOW HITPOINT WARNING * * *
You feel drained.
* * * LOW HITPOINT WARNING * * *
You feel sick.
Things that are here:
a +1 whip of venom; a +0 leather armour; 😨 HP[-6]
You now have 39 max hp (-1).
You take 6 damage, and now have 14/39 hp.
You hit the orc.
The orc is poisoned.
You feel sick. The orc completely misses you. 😨 HP[-1]
You take 1 damage, and now have 13/39 hp.
Unknown command.
You completely miss the orc.
You feel sick. 😨 HP[-1]
You take 1 damage, and now have 12/39 hp.
You feel sick. The orc barely misses you. x2 😨 HP[-1]
You take 1 damage, and now have 11/39 hp.
You hit the orc.
The orc looks as sick as possible!
You feel sick.
You kill the orc!
The orc barely misses you.
You hit the orc.
The orc is poisoned.
You feel sick. The orc hits you with a +0 war axe!
* * * LOW HITPOINT WARNING * * *
😱 HP[-10]
You take 10 damage, and now have 1/39 hp.
MASSIVE DAMAGE!! (PAUSE) It was a potion of curing.
You feel better.
You kill the orc!
An orc comes into view.
It is wielding a +0 flail. 😱 HP[+5] MP[+1]
You regained 5 hp, and now have 6/39 hp.
Your mp is fully restored (18).
The orc shouts!
You hear a shout!
Things that are here:
a +0 war axe; an orc corpse You hit the orc but do no damage.
Your transformation has ended.
The orc hits you with a +0 flail!
You die...

Skill      XL: |  1  2  3  4  5 |
---------------+----------------+-----
Transmutations | 3 4 |  4.4
Spellcasting   | 3 |  3.2
Poison Magic   | 2 |  2.4
Ice Magic      | 1 |  1.1
Fighting       | |  1.1
Dodging        | |  1.7
Unarmed Combat | |  3.0

Action                   |  1- 3 |  4- 6 || total
-------------------------+-------+-------++-------
Melee: Unarmed           |    90 |    45 ||   135
       Kick              |     9 |     3 ||    12
       Tailslap          |    10 |     5 ||    15
       Headbutt          |     6 |     2 ||     8
       Punch             |       |     2 ||     2
 Cast: Beastly Appendage |    16 |     5 ||    21
       Spider Form       |     1 |     1 ||     2
  Use: Scroll            |     2 |     7 ||     9
       Potion            |       |     1 ||     1
Armor: Skin              |    20 |    11 ||    31
Dodge: Dodged            |    81 |    32 ||   113

Levels and vault maps discovered:
D:1:      dpeg_arrival_arbitrary_a, layout_basic, nicolae_figureground_sparkle
D:2:      layout_basic, uniq_sigmund
D:3:      layout_basic, yredelemnul_forgotten_temple_becter,
          nicolae_overflow_hidden_temple, gup_sewer_entry_bubbles, fountainhead

Notes
Turn   | Place    | Note
-------+----------+-------------------------------------------
     0 | D:1      | kae the Draconian Transmuter began the quest for the Orb.
     0 | D:1      | Reached XP level 1. HP: 16/16 MP: 3/3
     0 | D:1      | magus.rc [v1.11.3]
   142 | D:1      | Reached XP level 2. HP: 22/23 MP: 3/5
   514 | D:1      | Reached skill level 3 in Transmutations
   874 | D:2      | Reached XP level 3. HP: 27/28 MP: 6/6
   877 | D:2      | Learned a level 2 spell: Wereblood
   881 | D:2      | Learned a level 3 spell: Spider Form
  1280 | D:2      | Noticed Sigmund
  1296 | D:2      | HP: 6/28 [poisoned by Sigmund]
  1299 | D:2      | Killed Sigmund
  1300 | D:2      | Reached skill level 3 in Spellcasting
  1300 | D:2      | Reached skill level 4 in Transmutations
  1300 | D:2      | Reached skill level 2 in Poison Magic
  1300 | D:2      | Reached XP level 4. HP: 5/35 MP: 8/8
  1300 | D:2      | Reached XP level 5. HP: 6/40 MP: 9/9
  1301 | D:2      | HP: 5/40 [poisoned by Sigmund]
  1495 | D:2      | Learned a level 4 spell: Ice Form
  1855 | D:2      | You pick up a book of Necromancy and begin reading...
  1855 | D:2      | You add the spells Necrotise, Vampiric Draining and Agony
                  | to your library.
  2069 | D:3      | Reached skill level 1 in Ice Magic
  2074 | D:3      | HP: 1/39 [orc/+0 war axe (9)]
  2077 | D:3      | Slain by an orc

Vanquished Creatures
  Sigmund (D:2)
  An orc priest (D:3)
  An adder (D:3)
  A dart slug (D:1)
  3 orcs (D:3)
  9 ball pythons
  4 endoplasms
  A giant cockroach (D:2)
  2 goblins (D:2)
  9 hobgoblins
  3 quokkas
  3 bats
  4 frilled lizards
  A kobold (D:1)
  3 rats
46 creatures vanquished.

Table legend:
 A = Non-vault XP
 B = Vault XP
 C = Vault XP percentage of total XP
 D = Non-vault monster count
 E = Vault monster count
 F = Vault count percentage of total count
                 A         B        C        D         E       F
            +---------+---------+-------+---------+---------+-------
      Total |     130 |     214 |  62.2 |      45 |       1 |   2.2
            +---------+---------+-------+---------+---------+-------
        D:1 |      40 |       0 |   0.0 |      25 |       0 |   0.0
        D:2 |      20 |     214 |  91.5 |      11 |       1 |   8.3
        D:3 |      70 |       0 |   0.0 |       9 |       0 |   0.0
            +---------+---------+-------+---------+---------+-------

Illustrated notes

Table legend:
 A = Kills in this place as a percentage of kills in entire the game.
 B = Kills by you in this place as a percentage of kills by you in the entire game.
 C = Kills by friends in this place as a percentage of kills by friends in the entire game.
 D = Other kills in this place as a percentage of other kills in the entire game.
 E = Experience gained in this place as a percentage of experience gained in the entire game.
 F = Experience gained in this place divided by the number of levels of this place that you have seen.
                   A       B       C       D       E      F
               +-------+-------+-------+-------+-------+----------------------
         Total | 100.0 | 100.0 |   N/A |   N/A | 100.0 | 114.7
       Dungeon | 100.0 | 100.0 |   N/A |   N/A | 100.0 | 114.7
               +-------+-------+-------+-------+-------+----------------------

Table legend: (Time is in decaauts)
 A = Elapsed time spent in this place.
 B = Non-inter-level travel time spent in this place.
 C = Inter-level travel time spent in this place.
 D = Time resting spent in this place.
 E = Time spent auto-exploring this place.
 F = Levels seen in this place.
 G = Mean time per level.
                   A        B        C        D        E       F      G
               +--------+--------+--------+--------+--------+-----+--------+
         Total |   2069 |   2033 |     36 |     31 |   1620 |   3 |  689.7 |
       Dungeon |   2069 |   2033 |     36 |     31 |   1620 |   3 |  689.7 |
               +--------+--------+--------+--------+--------+-----+--------+

Top non-repeatable levels by time:
     D:2: 1158 daAuts
     D:1: 783 daAuts
     D:3: 127 daAuts
